AoeStats
← Szorinx

Yucatan

510372689Analyzed
4v4 RM · 1d ago on Sep 30, 2026· 37m 54s· 8 players
Game mode
Random Map
Map size
Large (8 player)
Population
200
Speed
Normal
Resources
Standard
Victory
Conquest
Starting age
Dark Age
Ending age
Imperial Age
RankedLock teamsTeams togetherTeam positionsShared explorationLock speedFull tech treeHidden civsTurbo modeCheats
Victory
Defeat
🇩🇪 Saracens · Germany
1372
+14
🇩🇪 Celts · Germany
1352
+15
🇺🇸 Mongols · United States
1309
+17
🇨🇱 Maya · Chile
1266
+18
🇮🇳 Celts · India
1371
-17
🇩🇪 Bohemians · Germany
1369
-18
🇩🇪 Mongols · Germany
1320
-16
🇸🇪 Tatars · Sweden
1246
-13
Szorinx
11:45 Feudal Age
13:34 Double-Bit Axe
14:57 Loom
17:54 Castle Age
16:22 Horse Collar
30:10 Wheelbarrow
30:35 Town Watch
33:20 Fortified Wall
33:31 Ballistics
36:49 Imperial Age
35:30 Hand Cart
35:20 Scale Mail Armor
35:30 Forging
35:11 Fletching
36:29 Chemistry
36:10 Bow Saw
36:01 Heavy Plow
NotADuck
6:57 Loom
9:39 Feudal Age
10:30 Double-Bit Axe
36:33 Gold Mining
Jesus_was_black
0:31 Loom
11:19 Feudal Age
16:18 Castle Age
15:47 Double-Bit Axe
19:50 Gold Mining
20:18 Bow Saw
19:52 Horse Collar
21:33 Fletching
21:43 Padded Archer Armor
23:08 Ballistics
23:33 Bodkin Arrow
24:35 Bloodlines
28:00 Leather Archer Armor
27:48 Husbandry
31:47 Wheelbarrow
34:30 Imperial Age
32:08 Heavy Plow
36:30 Chemistry
35:34 Bracer
36:05 Ring Archer Armor
snek_fan
2:34 Loom
10:20 Feudal Age
14:18 Castle Age
15:46 Double-Bit Axe
15:43 Horse Collar
19:26 Wheelbarrow
18:36 Loom
19:37 Scale Barding Armor
22:32 Chain Barding Armor
22:38 Husbandry
27:56 Pikeman
31:21 Hand Cart
35:44 Imperial Age
33:02 Town Watch
33:46 Forging
33:58 Scale Mail Armor
34:29 Fletching
Thronx
1:22 Loom
10:04 Feudal Age
15:03 Castle Age
14:12 Double-Bit Axe
16:05 Bow Saw
18:57 Horse Collar
19:58 Heavy Plow
21:53 Wheelbarrow
22:26 Stone Mining
24:27 Gold Mining
25:33 Hand Cart
27:27 Gold Shaft Mining
30:34 Imperial Age
27:50 Town Watch
28:09 Scale Mail Armor
28:42 Pikeman
29:39 Chain Mail Armor
29:32 Fletching
29:56 Masonry
30:00 Forging
30:36 Fletching
30:44 Halberdier
31:36 Siege Engineers
31:39 Onager
32:47 Bodkin Arrow
32:53 Padded Archer Armor
34:04 Siege Onager
34:37 Heavy Scorpion
35:32 Arson
36:35 Furor Celtica
Diegote
0:33 Loom
8:54 Feudal Age
13:06 Fletching
21:32 Castle Age
21:23 Gold Mining
22:22 Thumb Ring
22:21 Crossbowman
24:56 Bodkin Arrow
26:28 Padded Archer Armor
31:09 Ballistics
32:05 Wheelbarrow
34:49 Leather Archer Armor
34:35 Double-Bit Axe
40:47 Imperial Age
nikias.marquardt
10:14 Feudal Age
8:32 Loom
14:38 Scale Barding Armor
17:44 Castle Age
15:50 Double-Bit Axe
17:40 Forging
21:49 Horse Collar
22:22 Bow Saw
24:24 Bloodlines
25:36 Wheelbarrow
26:10 Chain Barding Armor
28:47 Iron Casting
29:44 Husbandry
33:58 Imperial Age
32:49 Heavy Plow
33:32 Gold Mining
33:21 Light Cavalry
34:01 Heavy Camel Rider
34:03 Elite Mameluke
35:33 Scale Mail Armor
36:11 Plate Barding Armor
36:36 Blast Furnace
37:11 Two-Man Saw
36:58 Conscription
chiwire
6:45 Loom
9:23 Feudal Age
9:53 Double-Bit Axe
13:30 Scale Barding Armor
16:30 Forging
22:08 Bloodlines
24:52 Castle Age
25:00 Gold Mining
24:54 Light Cavalry
25:56 Chain Barding Armor
26:12 Iron Casting
29:12 Wheelbarrow
29:32 Husbandry
32:45 Stone Mining
35:35 Horse Collar
Connection lost

Rejoining the realm…

Still unreachable

The connection could not be restored.

Session expired

The server has moved on; the page needs a fresh start.